 Dungeon Crawl Stone Soup version 0.31-a0-799-g6bc09d010c (webtiles) character file.

Game seed: 481156541456961429

156 Maratek the Ducker (level 5, -1/36 HPs)
             Began as an Octopode Fighter on Sept 19, 2023.
             Was an Initiate of Yredelemnul.
             Slain by an orc wizard
             ... wielding a +0 dagger
              (5 damage)
             ... on level 3 of the Dungeon.
             The game lasted 00:03:45 (2233 turns).

Maratek the Ducker (Octopode Fighter)               Turns: 2233, Time: 00:03:47

Health: -1/36      AC:  1    Str: 19    XL:     5   Next: 37%
Magic:  5/5        EV: 13    Int: 16    God:    Yredelemnul [......]
Gold:   150        SH:  0    Dex:  8    Spells: 4/4 levels left

rFire   . . .        h - +4 quarterstaff of Cocytus {flame, Will+ Str+2 Dex-4 SInv}
rCold   . . .        (shield currently unavailable)
rNeg    . . .        (helmet restricted)
rPois   .            (no amulet)
rElec   .            g - ring of resist corrosion
rCorr   +            r - +6 ring of intelligence
SInv    +            (no ring)
Will    +....        (no ring)
Stlth   +++          (no ring)
HPRegen 0.26/turn    (no ring)
MPRegen 0.09/turn    (no ring)
                     (no ring)

%: no passive effects
@: no status effects
A: almost no armour, amphibious, 8 rings, camouflage 1, gelatinous body 1,
(nimble swimmer 1), tentacles
a: Renounce Religion, Recall Undead Harvest


You were on level 3 of the Dungeon.
You worshipped Yredelemnul.
Yredelemnul was noncommittal.
You visited 1 branch of the dungeon, and saw 4 of its levels.

You collected 150 gold pieces.

Inventory:

Hand Weapons
 h - the +4 quarterstaff of Cocytus (weapon) {flame, Will+ Str+2 Dex-4 SInv}
   (You found it on level 2 of the Dungeon)

   Str+2:     It affects your strength (+2).
   Dex-4:     It affects your dexterity (-4).
   Will+:     It increases your willpower.
   SInv:      It lets you see invisible.
Jewellery
 g - a ring of resist corrosion (left tentacle)
 r - a +6 ring of intelligence (right tentacle)
Wands
 m - a wand of roots (12)
Scrolls
 a - a scroll of revelation {unknown}
 d - 3 scrolls of immolation {unknown}
 f - 3 scrolls of identify {unknown}
 k - a scroll of teleportation {unknown}
 l - a scroll of poison {unknown}
 o - a scroll of amnesia {unknown}
Potions
 b - a potion of mutation {unknown}
 c - a potion of might
 e - a potion of cancellation
 i - 2 potions of haste {unknown}
 j - a potion of degeneration {unknown}
 n - a potion of enlightenment {unknown}
 p - a potion of curing {unknown}
 q - a potion of attraction {unknown}


   Skills:
 + Level 3.4 Fighting
 + Level 3.4 Long Blades
 + Level 1.2 Staves
 + Level 3.8 Dodging
 + Level 2.2 Stealth
 + Level 3.3 Shields


You had 4 spell levels left.
You didn't know any spells.
Your spell library was empty.

Dungeon Overview and Level Annotations

Branches:
Dungeon (4/15)
 Temple: D:4-7

Altars:
Yredelemnul
Zin


Innate Abilities, Weirdness & Mutations

You cannot wear most types of armour.
You are amphibious.
You can wear up to eight rings at the same time.
Your skin changes colour to match your surroundings (Stealth+).
Your rubbery body absorbs attacks. (AC +1, EV +1)
((You are camouflaged when in or above water. (Stealth+)))
You have tentacles for arms and can constrict up to eight enemies at once.


Message History

You constrict the orc. The orc misses you.
You hit the orc. You burn the orc.
You kill the orc!
The jackal misses you. The orc completely misses you.
The orc wizard hits you with a +0 dagger.
A scorpion comes into view.
You hit the orc wizard but do no damage.
Your grab misses the orc wizard. The jackal bites you. The jackal misses you.
The orc hits you with a +0 mace. The orc barely misses you.
The orc wizard hits you with a +0 dagger.
The jackal bites you. The jackal closely misses you. The jackal misses you.
You hit the orc wizard but do no damage.
Your grab misses the orc wizard. You squeeze the orc wizard.
The orc wizard is moderately wounded.
The jackal bites you but does no damage.
The orc closely misses you. The orc barely misses you.
The orc wizard gestures at you while chanting.
The magic dart hits you! The jackal misses you. The jackal barely misses you.
The jackal bites you but does no damage. x2
The orc hits you with a +0 flail.
The orc wizard hits you but does no damage.
The orc hits you with a +0 mace.
* * * LOW HITPOINT WARNING * * *
You are too injured to fight recklessly!
The jackal completely misses you. The jackal bites you.
* * * LOW HITPOINT WARNING * * *
The jackal closely misses you. The jackal bites you.
* * * LOW HITPOINT WARNING * * *
The orc hits you with a +0 mace.
* * * LOW HITPOINT WARNING * * *
The orc barely misses you. The orc wizard closely misses you.
You climb upwards.
There is a stone staircase leading down here.
It was a potion of cancellation.
You feel magically purged.
The jackal bites you but does no damage. x2
The jackal closely misses you. The orc closely misses you.
The orc barely misses you.
The orc wizard hits you with a +0 dagger.
You die...
Your body rises from the dead as a mindless zombie.

##..#........##........####....
##..........##.....)..##......
##.#.....#####Z#)............
#.#.....# #Z#............. ###
#.......#####_#............. ..##
###.#####...###............. #..#
#.# #..........#.♣♣._.♣.
##.#####.#####.oho......###.♣♣♣♣#
##.............h@.........###
........#...####ho........#
#...........# #..........######
#.#P##PPP...# #...............#
#.#...P.....# #.#####.#######.#
#.#P..P..#..# #.## #.# #.#
#.#......#..# ##..####.# #.#
#..†.....#..# #.....##.# #.#
#.P......P..###.....##.# #.#


You could see an orc wizard, 2 orcs and 3 jackals.

Vanquished Creatures
  An orc priest (D:2)
  An orc wizard (D:2)
  3 adders
  2 dart slugs
  5 orcs
  A bat (D:2)
  12 endoplasms
  A giant cockroach (D:1)
  6 goblins
  2 hobgoblins
  6 jackals (D:1)
  3 quokkas
  5 ball pythons
  4 frilled lizards
  7 kobolds
  3 rats
62 creatures vanquished.

Notes
Turn   | Place    | Note
-------+----------+-------------------------------------------
     0 | D:1      | Maratek the Octopode Fighter began the quest for the Orb.
     0 | D:1      | Reached XP level 1. HP: 16/16 MP: 1/1
   143 | D:1      | Reached XP level 2. HP: 21/21 MP: 2/2
   525 | D:1      | Reached XP level 3. HP: 25/26 MP: 3/3
   716 | D:2      | Identified the +4 quarterstaff of Cocytus {flame, Will+
                  | Str+2 Dex-4 SInv}
   924 | D:2      | Reached skill level 1 in Stealth
   927 | D:2      | Reached XP level 4. HP: 23/31 MP: 4/4
  1324 | D:2      | Reached XP level 5. HP: 32/36 MP: 5/5
  1447 | D:2      | Reached skill level 1 in Staves
  1966 | D:3      | Found a faded altar of an unknown god.
  2143 | D:3      | Found a glowing silver altar of Zin.
  2213 | D:3      | Prayed at the altar of an unknown god.
  2213 | D:3      | Became a worshipper of Yredelemnul the Dark
  2233 | D:3      | Slain by an orc wizard

Illustrated notes

Levels and vault maps discovered:
D:1:      lemuel_arrival_broad_hall, layout_basic
D:2:      layout_loops_corners, kennysheep_generic_room_6
D:3:      cheibrodos_old_hovel, layout_basic, zin_academy,
          hellmonk_ecumenical_altar_leap_of_faith
D:4:      layout_basic, mainiacjoe_overflow_small_starburst,
          mainiacjoe_overflow_surrounded_room, ebering_ghost_inner_flame

Skill      XL: |  1  2  3  4  5 |
---------------+----------------+-----
Stealth        | 1 2 |  2.2
Long Blades    | 3 |  3.4
Staves         | 1 |  1.2
Fighting       | |  3.4
Dodging        | |  3.8
Shields        | |  3.3

Action                     |  1- 3 |  4- 6 || total
---------------------------+-------+-------++-------
  Melee: Long sword        |    38 |       ||    38
         Constrict         |    10 |     5 ||    15
         Tentacles         |     6 |     5 ||    11
         Quarterstaff      |     7 |    44 ||    51
    Use: Potion            |       |     1 ||     1
   Stab: Sleeping          |     5 |    10 ||    15
 Armour: Skin              |    15 |    32 ||    47
  Dodge: Dodged            |    30 |    26 ||    56
  Block: Buckler           |     2 |       ||     2

Table legend: (Time is in decaauts)
 A = Elapsed time spent in this place.
 B = Non-inter-level travel time spent in this place.
 C = Inter-level travel time spent in this place.
 D = Time resting spent in this place.
 E = Time spent auto-exploring this place.
 F = Levels seen in this place.
 G = Mean time per level.
                   A        B        C        D        E       F      G
               +--------+--------+--------+--------+--------+-----+--------+
         Total |   2257 |   2186 |     71 |      0 |   1784 |   4 |  564.2 |
       Dungeon |   2257 |   2186 |     71 |      0 |   1784 |   4 |  564.2 |
               +--------+--------+--------+--------+--------+-----+--------+

Top non-repeatable levels by time:
     D:2: 1016 daAuts
     D:1: 650 daAuts
     D:3: 583 daAuts
     D:4: 6 daAuts
